 Dungeon Crawl Stone Soup version 0.22.1-2-g9c5b331 (webtiles) character file.

82 diana the Cudgeler (level 4, 0/42 HPs)
             Began as a Gargoyle Berserker on Nov 17, 2018.
             Was a Believer of Trog.
             Slain by Natasha (7 damage)
             ... on level 2 of the Dungeon.
             The game lasted 00:03:09 (1469 turns).

diana the Cudgeler (Gargoyle Berserker)             Turns: 1469, Time: 00:03:10

Health: 0/42       AC:  5    Str: 27    XL:     4   Next: 43%
Magic:  4/4        EV: 17    Int:  7    God:    Trog [**....]
Gold:   93         SH:  0    Dex: 14    Spells: 3/3 levels left

rFire    . . .     SeeInvis .   a - +0 mace
rCold    . . .     Gourm    .   (no shield)
rNeg     + . .     Faith    .   b - +0 animal skin
rPois    ∞         Spirit   .   (no helmet)
rElec    +         Reflect  .   (no cloak)
rCorr    .         Harm     .   (no gloves)
MR       .....                  (no boots)
Stlth    ..........             (no amulet)
HPRegen  0.14/turn              (no ring)
MPRegen  0.09/turn              (no ring)

@: agile, berserking, slowed
A: negative energy resistance 1, electricity resistance, unbreathing,
petrification resistance, rot immunity, AC +3
a: Berserk, Trog's Hand, Renounce Religion


You were on level 2 of the Dungeon.
You worshipped Trog.
Trog was pleased with you.
You were very hungry.

You visited 1 branch of the dungeon, and saw 2 of its levels.

You collected 93 gold pieces.

Inventory:

Hand Weapons
 a - a +0 mace (weapon)
Armour
 b - a +0 animal skin (worn)
Scrolls
 d - 2 scrolls of fog {unknown}
 h - 3 scrolls of remove curse {unknown}
 i - a scroll of enchant weapon {unknown}
 j - 3 scrolls of identify {unknown}
Potions
 f - a potion of resistance {unknown}
 g - a potion of brilliance {unknown}
Comestibles
 c - a ration


   Skills:
 - Level 3.2 Fighting
 * Level 5.1 Maces & Flails
 - Level 2.1 Armour
 - Level 1.5 Dodging


You had 3 spell levels left.
You didn't know any spells.
Your spell library was empty.

Dungeon Overview and Level Annotations

Branches:
Dungeon (2/15)

Altars:

Annotations:
D:2 Natasha


Innate Abilities, Weirdness & Mutations

You are resistant to torment.
Your stone body is resilient. (AC +3)
You are immune to poison.
You resist negative energy. (rN+)
You are resistant to electric shocks. (rElec)
You can survive without breathing.
You are immune to petrification.
You are immune to rotting.


Message History

The magic dart hits you! Natasha casts a spell at you. The magic dart hits you!
You barely miss Natasha.
Natasha is heavily wounded.
Natasha claws you.
* * * LOW HITPOINT WARNING * * *
Unknown command.
It was a potion of agility.
You feel agile all of a sudden. Natasha completely misses you.
Natasha misses you.
Okay, then.
A red film seems to cover your vision as you go berserk!
You feel yourself moving faster!
You feel mighty!
You are feeling very hungry.
Natasha barely misses you.
You barely miss Natasha.
Natasha is heavily wounded.
Natasha claws you!
You die...

### # #.# # #.# # #.#
############## #####.#
#.....@h5..... ......#
#.############ #####.#
#.# #...# #.# #.# #...#
#.# #.####...#######
#.# ###.#......'....>.
#.# #.#.#.##...#######
#####.###.#.#......†..#
#.# ##
........#.#.###.#.###.#
#.#..#


You could see Natasha and a white imp.

Vanquished Creatures
  3 adders (D:2)
  An ooze (D:1)
  A dart slug (D:2)
  A leopard gecko (D:2)
  7 bats
  3 giant cockroaches
  9 goblins
  5 hobgoblins
  5 kobolds
  A quokka (D:2)
  A ball python (D:2)
  3 frilled lizards
  7 rats
47 creatures vanquished.

Notes
Turn   | Place    | Note
-------+----------+-------------------------------------------
     0 | D:1      | diana the Gargoyle Berserker began the quest for the Orb.
     0 | D:1      | Reached XP level 1. HP: 14/14 MP: 1/1
   115 | D:1      | Reached XP level 2. HP: 19/19 MP: 2/2
   373 | D:1      | Reached skill level 4 in Maces & Flails
   383 | D:1      | Reached XP level 3. HP: 16/23 MP: 3/3
   649 | D:2      | Reached ** piety under Trog
   947 | D:2      | Reached XP level 4. HP: 25/28 MP: 4/4
  1308 | D:2      | Reached skill level 5 in Maces & Flails
  1456 | D:2      | Noticed Natasha
  1469 | D:2      | Slain by Natasha

Skill      XL: |  1  2  3  4 |
---------------+-------------+-----
Maces & Flails | 4 5 |  5.1
Fighting       | |  3.2
Armour         | |  2.1
Dodging        | |  1.5

Action                   |  1- 3 |  4- 6 || total
-------------------------+-------+-------++-------
Melee: Mace              |   122 |    55 ||   177
Invok: Berserk           |       |     1 ||     1
  Use: Potion            |       |     1 ||     1
  Eat: Chunk             |       |     2 ||     2
Armor: Animal skin       |    43 |    30 ||    73
Dodge: Dodged            |   113 |    32 ||   145
